 Dungeon Crawl Stone Soup version 0.30-a0-626-gd6a5dd7a1f (webtiles) character file.

Game seed: 17897414214671719491

37 Sweetruy1997 the Covered (level 3, -3/33 HPs)
             Began as an Armataur Fighter on Jan 12, 2023.
             Constricted to death by Ijyb (7 damage)
             ... on level 3 of the Dungeon.
             The game lasted 00:03:36 (1801 turns).

Sweetruy1997 the Covered (Armataur Fighter)         Turns: 1801, Time: 00:03:37

Health: -3/33      AC:  9    Str: 21    XL:     3   Next: 21%
Magic:  3/3        EV:  4    Int:  8    God:
Gold:   125        SH:  4    Dex: 11    Spells: 2/2 levels left

rFire   + . .      SeeInvis .    a - +0 flail
rCold   + . .      Faith    .    c - +0 buckler
rNeg    . . .      Spirit   .    b - +0 scale mail
rPois   +          Reflect  .    (no helmet)
rElec   +          Harm     .    (no cloak)
rCorr   +          Roll     +    m - +1 pair of gloves
Will    .....                    (no barding) Stlth
                                 s - amulet of magic regeneration
HPRegen 0.25/turn                k - ring of flight
MPRegen 0.48/turn                (no ring)

@: mighty, resistant, grasped by roots, flying, constricted
A: large, rugged brown scales 3, deformed body, armoured tail, roll, long
tongue, awkward tongue
a: no special abilities


You were on level 3 of the Dungeon.
You visited 1 branch of the dungeon, and saw 3 of its levels.

You collected 125 gold pieces.

Inventory:

Hand Weapons
 a - a +0 flail (weapon)
Armour
 b - a +0 scale mail (worn)
 c - a +0 buckler (worn)
 m - a +1 pair of gloves (worn)
Jewellery
 k - a ring of flight (left hand)
 s - an amulet of magic regeneration (around neck)
Scrolls
 e - a scroll of noise {unknown}
 f - a scroll of vulnerability {unknown}
 i - 2 scrolls of identify {unknown}
 j - 2 scrolls of fog {unknown}
 l - a scroll of amnesia {unknown}
 o - a scroll of enchant weapon {unknown}
 q - a scroll of fear {unknown}
 r - a scroll of blinking {unknown}
Potions
 g - a potion of degeneration {unknown}
 h - a potion of flight {unknown}
 n - a potion of curing
 p - a potion of resistance


   Skills:
 + Level 3.0 Fighting
 + Level 2.1 Maces & Flails
 + Level 0.1 Throwing
 + Level 4.2 Armour
 + Level 0.2 Dodging
 + Level 3.6 Shields


You had 2 spell levels left.
You didn't know any spells.
Your spell library contained the following spells:

 Spells                   Type           Power      Damage    Failure   Level
 Vhi's Electric Charge    Tloc/Air       0%         N/A       99%         3
 Manifold Assault         Tloc           0%         N/A       100%        4
 Arcjolt                  Conj/Air       0%         1d10      100%        5
 Dispersal                Tloc           0%         N/A       100%        6
 Disjunction              Tloc           0%         N/A       100%        8
 Maxwell's Capacitive Co  Air            0%         ∞         100%        8


Dungeon Overview and Level Annotations

Branches:
Dungeon (3/15)

Altars:

Shops:
D:1 (

Annotations:
D:3 Ijyb


Innate Abilities, Weirdness & Mutations

You are completely covered in rugged brown scales. (AC +3, +7% HP)
Armour fits poorly on your strangely shaped body.
You have a long armoured tail.
You roll when moving toward enemies. (Rampage)
Your long tongue fully drains potion bottles. (2x potion effects)
Your tongue gives you trouble enunciating. (1.5x scroll delay)


Message History

You block the rat's attack. Ijyb hits you with a +0 club.
The grasping roots constrict you.
The grasping roots release their grip on you.
You sock Ijyb!
Ijyb is severely wounded.
The bat completely misses you. The ball python barely misses you.
The rat bites you but does no damage. Ijyb hits you but does no damage.
The ball python bites you.
You completely miss Ijyb.
Ijyb is severely wounded.
The bat closely misses you. The rat bites you. Ijyb barely misses you.
The ball python bites you.
* * * LOW HITPOINT WARNING * * *
The rat bites you but does no damage. Ijyb hits you but does no damage.
The ball python bites you.
* * * LOW HITPOINT WARNING * * *
You miss Ijyb.
Ijyb is severely wounded.
The bat hits you.
* * * LOW HITPOINT WARNING * * *
You block the ball python's attack. The rat barely misses you.
The bat hits you but does no damage.
Ijyb drinks a potion.
Ijyb is healed!
Unknown command.
You slurp down every last drop of the 2 smoky inky potions!
It was a potion of resistance.
You feel protected.
The ball python bites you but does no damage.
You block the rat's attack.
Ijyb zaps a wand.
The roots erupt in riotous growth!
The grasping roots grab you!
The ball python is unaffected.
The rat is unaffected.
The bat is unaffected.
Ijyb is unaffected.
The now-empty wand crumbles to dust.
The grasping roots constrict you.
* * * LOW HITPOINT WARNING * * *
You hit Ijyb.
Ijyb is heavily wounded.
The bat hits you but does no damage. You block the ball python's attack.
The rat bites you but does no damage. Ijyb hits you but does no damage.
The grasping roots constrict you!
You die...

#+# ### #.##..+ #.b..##
#####.....#.≈.....≈..
#..r@>....#...≈.≈...#
#.....Sg#....#..≈≈.≈≈..#
#.......#....# ........
#.......#....# .....#
#.......#....# #....#
#.......#....####....#
#.......+.......'....+
#.(.....#########....#
#<..†#


You could see Ijyb, a bat, a ball python and a rat.

Vanquished Creatures
  A worm (D:2)
  2 bats (D:2)
  An endoplasm (D:2)
  7 goblins
  2 hobgoblins (D:2)
  5 kobolds
  5 quokkas
  2 ball pythons
  A frilled lizard (D:2)
  4 rats
30 creatures vanquished.

Notes
Turn   | Place    | Note
-------+----------+-------------------------------------------
     0 | D:1      | Sweetruy1997 the Armataur Fighter began the quest for the
                  | Orb.
     0 | D:1      | Reached XP level 1. HP: 19/19 MP: 1/1
   190 | D:1      | Found a faded altar of an unknown god.
   459 | D:1      | Found Pocop's Antique Weapon Emporium.
  1044 | D:2      | Reached XP level 2. HP: 20/26 MP: 2/2
  1049 | D:2      | Reached skill level 4 in Armour
  1445 | D:2      | Reached XP level 3. HP: 24/33 MP: 3/3
  1787 | D:3      | Noticed Ijyb
  1801 | D:3      | Constricted to death by Ijyb

Illustrated notes

Levels and vault maps discovered:
D:1:      amcnicky_arrival_wind_blow, layout_loops_corners,
          basic_ecumenical_altar, serial_shops, shop, minmay_tromino_v4_b
D:2:      layout_loops_ring
D:3:      minmay_diamond_boxcup, layout_basic,
          mainiacjoe_overflow_small_starburst, ebering_ghost_inner_flame,
          uniq_ijyb

Skill      XL: |  1  2  3 |
---------------+----------+-----
Armour         | 4 |  4.2
Fighting       | 3 |  3.0
Maces & Flails | 2 |  2.1
Throwing       | |  0.1
Dodging        | |  0.2
Shields        | |  3.6

Action                   || total
-------------------------++-------
Melee: Flail             ||    77
       Tailslap          ||     7
Throw: Throwing net      ||    10
  Use: Potion            ||     2
Armor: Scale mail        ||    55
Dodge: Dodged            ||    30
Block: Buckler           ||    23

Table legend: (Time is in decaauts)
 A = Elapsed time spent in this place.
 B = Non-inter-level travel time spent in this place.
 C = Inter-level travel time spent in this place.
 D = Time resting spent in this place.
 E = Time spent auto-exploring this place.
 F = Levels seen in this place.
 G = Mean time per level.
                   A        B        C        D        E       F      G
               +--------+--------+--------+--------+--------+-----+--------+
         Total |   1825 |   1767 |     58 |      0 |   1525 |   3 |  608.3 |
       Dungeon |   1825 |   1767 |     58 |      0 |   1525 |   3 |  608.3 |
               +--------+--------+--------+--------+--------+-----+--------+

Top non-repeatable levels by time:
     D:1: 942 daAuts
     D:2: 834 daAuts
     D:3: 48 daAuts
